 Dungeon Crawl Stone Soup version 0.30-a0-125-g51eefa89be (webtiles) character file.

Game seed: 8242131226936378654

7789 Redcow54321 the Blocker (level 11, -5/94 HPs)
             Began as a Troll Fighter on Sept 18, 2022.
             Was an Initiate of Yredelemnul.
             Slain by an ogre
             ... wielding a +0 giant club
             ... led by Lodul
              (11 damage)
             ... on level 10 of the Dungeon on Sept 19, 2022.
             The game lasted 00:26:05 (7511 turns).

Redcow54321 the Blocker (Troll Fighter)             Turns: 7511, Time: 00:26:06

Health: -5/94      AC:  6    Str: 30    XL:     11   Next: 1%
Magic:  10/10      EV:  9    Int:  4    God:    Yredelemnul [......]
Gold:   437        SH: 11    Dex: 15    Spells: 10/10 levels left

rFire   . . .      SeeInvis .      - Unarmed
rCold   . . .      Faith    .    b - +0 kite shield
rNeg    . . .      Spirit   .    (body armour restricted)
rPois   .          Reflect  .    (helmet restricted)
rElec   .          Harm     .    (no cloak)
rCorr   .          Rampage  .    (gloves unavailable)
Will    .....                    (boots unavailable)
Stlth   +.........               (no amulet)
HPRegen 1.05/turn                o - +4 ring of protection
MPRegen 0.12/turn                s - +6 ring of dexterity

@: mighty
A: large, unfitting armour, claws 3, regeneration 1, shaggy fur 1, tough skin 1,
horns 1, frail 1
a: Renounce Religion, Recall Undead Harvest


You were on level 10 of the Dungeon.
You worshipped Yredelemnul.
Yredelemnul was noncommittal.
You visited 1 branch of the dungeon, and saw 10 of its levels.
You also visited: Sewer.

You collected 517 gold pieces.
You spent 80 gold pieces at shops.

Inventory:

Armour
 b - a +0 kite shield (worn)
Jewellery
 o - a +4 ring of protection (left claw)
 s - a +6 ring of dexterity (right claw)
 A - a ring of fire
 C - a +6 ring of dexterity
 D - a ring of ice
Wands
 n - a wand of flame (5)
 B - a wand of mindburst (7)
Scrolls
 a - a scroll of summoning {unknown}
 d - 2 scrolls of identify
 e - 2 scrolls of teleportation
 f - 2 scrolls of amnesia {unknown}
 g - 2 scrolls of acquirement {unknown}
 h - 2 scrolls of silence {unknown}
 j - 2 scrolls of poison
 l - 3 scrolls of enchant armour {unknown}
 q - 2 scrolls of noise {unknown}
 t - 2 scrolls of magic mapping
 u - a scroll of fear
 v - 4 scrolls of blinking
 y - 2 scrolls of vulnerability {unknown}
 z - a scroll of immolation {unknown}
Potions
 i - 3 potions of haste {unknown}
 k - a potion of resistance {unknown}
 m - 4 potions of curing
 p - a potion of lignification {unknown}
 r - 5 potions of flight
 w - 2 potions of brilliance {unknown}
 x - 2 potions of heal wounds {unknown}


   Skills:
 * Level 6.2 Fighting
 - Level 2.4 Dodging
 - Level 0.3 Stealth
 + Level 11.4 Shields
 - Level 10.1 Unarmed Combat


You had 10 spell levels left.
You didn't know any spells.
Your spell library contained the following spells:

 Spells                   Type           Power      Damage    Failure   Level
 Dazzling Flash           Conj/Hex       0%         N/A       96%         3
 Gell's Gravitas          Tloc           0%         N/A       96%         3
 Lesser Beckoning         Tloc           0%         N/A       96%         3
 Ozocubu's Armour         Ice            0%         N/A       96%         3
 Teleport Other           Tloc           0%         N/A       96%         3
 Airstrike                Air            0%         2d(0-16)  100%        4
 Iskenderun's Mystic Bla  Conj/Tloc      0%         2d3       100%        4
 Summon Lightning Spire   Summ/Air       0%         N/A       100%        4
 Lightning Bolt           Conj/Air       0%         1d11      100%        5
 Starburst                Conj/Fire      0%         6d3       100%        6
 Ozocubu's Refrigeration  Ice            0%         4d7       100%        7


Dungeon Overview and Level Annotations

Branches:
Dungeon (10/15)            Temple (0/1) D:4           Sewer (visited)
   Lair: D:8-11         Orc: D:9-12

Altars:
Kikubaaqudgha
Trog
Yredelemnul

Shops:
D:2 !   D:7 (

Annotations:
D:4 3 runed translucent doors, IdlyInterested's ghost, amateur DsWn
D:10 Lodul


Innate Abilities, Weirdness & Mutations

You are too large for most types of armour.
You have claws for hands.
Your natural rate of healing is unusually fast.
You are covered in fur. (AC +1)
You have tough skin. (AC +1)
You have a pair of small horns on your head.
You are frail. (-10% HP)


Message History

Your orc priest zombie hits the ogre.
The ogre barely misses you.
Your orc zombie hits the ogre but does no damage.
You catch the helpless ogre completely off-guard!
You claw the ogre!
The ogre is almost dead.
The ogre hits your orc priest zombie with a +0 giant club!
Your orc priest zombie hits the ogre.
The ogre dies!
The dead are walking!
Electricity crackles from Lodul's apparatus.
The bolt of lightning hits you!!
You have reached level 11!
You feel very mighty all of a sudden.
Your orc zombie barely misses the ogre.
The ogre hits your orc priest zombie with a +0 giant club!!
Your orc priest zombie is destroyed!
The ogre hits you with a +0 giant club!!
You mangle the ogre!! You headbutt the ogre.
You kill the ogre!
Your ogre zombie barely misses the ogre.
Your orc zombie closely misses the ogre.
The ogre attacks as you move away! The ogre hits you with a +0 giant club!
The ogre attacks as you move away! The ogre barely misses you.
Electricity crackles from Lodul's apparatus.
The bolt of lightning misses you.
You mangle the ogre!! You headbutt the ogre.
The ogre is almost dead.
An ogre comes into view. It is wielding a +0 giant club.
Your ogre zombie barely misses the ogre.
The ogre hits you with a +0 giant club!!
* * * LOW HITPOINT WARNING * * *
The ogre hits your orc zombie with a +0 giant club!!!
Your orc zombie is destroyed!
The ogre attacks as you move away! The ogre barely misses you.
The ogre attacks as you move away! The ogre barely misses you.
The ogre hits your ogre zombie with a +0 giant club!!
Your ogre zombie hits the ogre!
The ogre attacks as you move away! The ogre hits you with a +0 giant club!
You die...
Your body rises from the dead as a mindless zombie.

#..............
#..............
#..............
################.<............
.............>................
...................}..........
...............###############
.........)O.O..#
......O.OO..O@.###############
.........OZO..................
..............................
##############.###############
#.# #.# #######.#
........###############
....................[.)


You could see Lodul, 7 ogres and a friendly ogre zombie.

Vanquished Creatures
  A two-headed ogre (D:8)
  Pikel (D:7)
  Joseph (D:7)
  An unseen horror (D:10)
  2 trolls
  Prince Ribbit (D:8)
  7 yaks
  A vampire (D:9)
  2 steam dragons
  2 ice beasts
  2 ogres
  2 black bears
  2 lemures (D:7)
  3 centaurs
  2 phantoms
  4 kobold brigands
  9 bullfrogs
  3 gnoll sergeants
  3 scorpions
  3 howler monkeys (D:8)
  A jelly (D:3)
  9 orc priests
  Crazy Yiuf (D:7)
  3 hounds
  3 iguanas
  6 orc wizards
  7 gnolls
  3 river rats (Sewer)
  8 adders
  3 white imps
  2 ufetubi
  6 worms
  2 dart slugs (D:2)
  26 orcs
  2 endoplasms
  7 giant cockroaches
  4 goblins
  5 hobgoblins
  6 jackals
  17 kobolds
  A quokka (Sewer)
  9 ball pythons
  8 bats
  3 frilled lizards
  4 rats
198 creatures vanquished.

Vanquished Creatures (collateral kills)
  4 yaks
  An orc warrior (D:8)
  An ogre (D:10)
  An orc priest (D:8)
  An iguana (D:7)
  3 gnolls
  An adder (Sewer)
  A river rat (Sewer)
  2 orcs
  5 bats (Sewer)
  An endoplasm (Sewer)
  A goblin (D:4)
  A hobgoblin (D:4)
  A kobold (D:8)
  A ball python (D:4)
  A kobold zombie (D:8)
26 creatures vanquished.

Vanquished Creatures (others)
  An unseen horror zombie (D:10)
  A yak zombie (D:9)
  A bullfrog zombie (D:9)
  A black bear zombie (D:7)
  6 kobold zombies
  A hound zombie (D:5)
  A steam dragon zombie (D:7)
  A worm zombie (D:4)
  An iguana zombie (D:7)
  11 orc zombies
  An adder zombie (D:2)
  A spectral white imp (D:8)
  3 bat zombies
  3 gnoll zombies
  2 ball python zombies (Sewer)
  A frilled lizard zombie (D:2)
  A giant cockroach zombie (Sewer)
  A goblin zombie (D:3)
  A jackal zombie (Sewer)
  A fungus (D:7)
40 creatures vanquished.

Grand Total: 264 creatures vanquished

Notes
Turn   | Place    | Note
-------+----------+-------------------------------------------
     0 | D:1      | Redcow54321 the Troll Fighter began the quest for the Orb.
     0 | D:1      | Reached XP level 1. HP: 22/22 MP: 0/0
   212 | D:1      | Reached XP level 2. HP: 29/29 MP: 1/1
   345 | D:1      | Found a faded altar of an unknown god.
   519 | D:2      | Found a basalt altar of Yredelemnul.
   531 | D:2      | Became a worshipper of Yredelemnul the Dark
   681 | D:2      | Reached XP level 3. HP: 35/36 MP: 2/2
   734 | D:2      | Found Hunaj's Distillery.
   989 | D:2      | Reached * piety under Yredelemnul
  1143 | D:3      | Reached XP level 4. HP: 44/44 MP: 3/3
  1387 | D:3      | Reached skill level 5 in Unarmed Combat
  1504 | D:3      | Reached XP level 5. HP: 50/50 MP: 4/4
  1933 | D:2      | Bought a potion of mutation for 80 gold pieces
  1935 | D:2      | Gained mutation: You heal very quickly. [potion of
                  | mutation]
  1935 | D:2      | Gained mutation: You are vulnerable to heat. (rF-) [potion
                  | of mutation]
  1935 | D:2      | Gained mutation: You are frail. (-10% HP) [potion of
                  | mutation]
  1935 | D:2      | Gained mutation: Your movements are slightly less
                  | encumbered by armour. (ER -2) [potion of mutation]
  2184 | D:4      | Found a glowing drain.
  2194 | Sewer    | Entered a sewer
  2377 | Sewer    | Reached XP level 6. HP: 53/53 MP: 5/5
  2421 | Sewer    | Reached skill level 3 in Shields
  2753 | D:4      | Found a runed translucent gate.
  2753 | D:4      | Found a runed translucent gate.
  2753 | D:4      | Found a runed translucent gate.
  2753 | D:4      | Noticed IdlyInterested's ghost (amateur DsWn)
  2934 | D:4      | Found a staircase to the Ecumenical Temple.
  3175 | D:5      | Entered Level 5 of the Dungeon
  3341 | D:5      | Reached skill level 4 in Shields
  3482 | D:5      | Reached XP level 7. HP: 59/59 MP: 6/6
  3789 | D:6      | Reached skill level 5 in Shields
  3925 | D:6      | Reached XP level 8. HP: 65/66 MP: 7/7
  4621 | D:7      | Reached skill level 6 in Shields
  4819 | D:7      | Reached ** piety under Yredelemnul
  4875 | D:7      | Noticed Joseph
  4964 | D:7      | Killed Joseph
  4965 | D:7      | Reached skill level 7 in Shields
  4965 | D:7      | Reached XP level 9. HP: 21/72 MP: 8/8
  4982 | D:7      | Noticed Pikel
  5035 | D:7      | Found Ucauq's Weapon Boutique.
  5055 | D:7      | Killed Pikel
  5056 | D:7      | Reached skill level 8 in Shields
  5056 | D:7      | Reached skill level 10 in Unarmed Combat
  5445 | D:7      | Found a runed translucent door.
  5446 | D:7      | Noticed Crazy Yiuf
  5452 | D:7      | Killed Crazy Yiuf
  5480 | D:8      | Noticed a two-headed ogre
  5481 | D:8      | Noticed Prince Ribbit
  5487 | D:8      | Killed a two-headed ogre
  5510 | D:7      | Reached skill level 9 in Shields
  5563 | D:8      | Killed Prince Ribbit
  5695 | D:8      | Reached XP level 10. HP: 16/82 MP: 9/9
  6281 | D:9      | Found a large runed translucent door.
  6281 | D:9      | Found a large runed translucent door.
  6311 | D:9      | Lost mutation: You are vulnerable to heat. (rF-) [potion of
                  | mutation]
  6311 | D:9      | Lost mutation: You heal very quickly. [potion of mutation]
  6311 | D:9      | Gained mutation: You are very frail. (-20% HP) [potion of
                  | mutation]
  6311 | D:9      | Gained mutation: You have a pair of small horns on your
                  | head. [potion of mutation]
  6311 | D:9      | Gained mutation: You expend magic power (3 MP) to
                  | strengthen your wands. [potion of mutation]
  6312 | D:9      | Lost mutation: Your movements are slightly less encumbered
                  | by armour. (ER -2) [potion of mutation]
  6312 | D:9      | Lost mutation: You expend magic power (3 MP) to strengthen
                  | your wands. [potion of mutation]
  6312 | D:9      | Gained mutation: You are vulnerable to heat. (rF-) [potion
                  | of mutation]
  6312 | D:9      | Gained mutation: You occasionally lose the ability to read
                  | scrolls when taking damage. [potion of mutation]
  6312 | D:9      | Gained mutation: You have sharp toenails. [potion of
                  | mutation]
  6520 | D:9      | Reached skill level 10 in Shields
  6528 | D:9      | Lost mutation: You are vulnerable to heat. (rF-) [potion of
                  | mutation]
  6528 | D:9      | Lost mutation: You have sharp toenails. [potion of
                  | mutation]
  6528 | D:9      | Lost mutation: You occasionally lose the ability to read
                  | scrolls when taking damage. [potion of mutation]
  6528 | D:9      | Gained mutation: You expend magic power (3 MP) to
                  | strengthen your wands. [potion of mutation]
  6528 | D:9      | Gained mutation: Your system is resistant to poisons.
                  | (rPois) [potion of mutation]
  6529 | D:9      | Lost mutation: You expend magic power (3 MP) to strengthen
                  | your wands. [potion of mutation]
  6529 | D:9      | Lost mutation: Your system is resistant to poisons. (rPois)
                  | [potion of mutation]
  6529 | D:9      | Lost mutation: You are very frail. (-20% HP) [potion of
                  | mutation]
  7053 | D:9      | Found a bloodstained altar of Trog.
  7067 | D:9      | Found an ancient bone altar of Kikubaaqudgha.
  7104 | D:10     | Entered Level 10 of the Dungeon
  7104 | D:10     | Noticed a two-headed ogre
  7111 | D:9      | Reached skill level 5 in Fighting
  7180 | D:9      | Reached skill level 11 in Shields
  7498 | D:10     | Noticed Lodul
  7504 | D:10     | Reached XP level 11. HP: 64/94 MP: 10/10
  7507 | D:10     | HP: 3/94 [ogre/+0 giant club[Lodul] (28)]
  7511 | D:10     | Slain by an ogre

Illustrated notes

Levels and vault maps discovered:
D:1:      minmay_arrival_four_circles, layout_basic,
          hellmonk_ecumenical_altar_slurped_away
D:2:      layout_loops_ring, basic_altar, serial_shops, shop,
          kennysheep_generic_room_13
D:3:      cheibrodos_thug_alley, layout_loops_ring, kennysheep_doodads
D:4:      layout_cave_pools, minmay_temple_entry_hall, gammafunk_ghost_split,
          portal_sewer_entry_d, bh_walls_and_bars
D:5:      layout_cave_pools, kennysheep_cross_bottleneck, item_on_display_a
D:6:      nicolae_BIG_FREAKIN_CUBE, layout_cave_pods
D:7:      layout_cave_pools, serial_rivers, chequers_serial_rivers_room_b,
          chequers_serial_rivers_room_a, chequers_serial_rivers_micro_d,
          chequers_serial_rivers_micro_a, serial_shops,
          nicolae_shop_bloodbath_and_beyond, kennysheep_dice, uniq_pikel,
          uniq_crazy_yiuf_cottage, uniq_joseph
D:8:      layout_loops_ring, uniq_prince_ribbit1
D:9:      layout_loops_ring, jmf_multi_god_temple2
D:10:     layout_long_grid, uniq_lodul

Skill      XL: |  1  2  3  4  5  6  7  8  9 10 |
---------------+-------------------------------+-----
Unarmed Combat | 3 4 5 6 7 9 10 | 10.1
Shields        | 4 5 7 9 11 | 11.4
Fighting       | 4 6 |  6.2
Dodging        | |  2.4
Stealth        | |  0.3

Action                   |  1- 3 |  4- 6 |  7- 9 | 10-12 || total
-------------------------+-------+-------+-------+-------++-------
Melee: Unarmed           |    85 |   172 |   192 |   159 ||   608
       Headbutt          |       |       |       |    23 ||    23
       Kick              |       |       |       |     4 ||     4
Invok: Recall Undead Har |       |     1 |     2 |     2 ||     5
  Use: Potion            |       |     1 |     3 |     6 ||    10
       Scroll            |       |       |     6 |       ||     6
 Stab: Sleeping          |       |     2 |     1 |     1 ||     4
       Distracted        |       |       |     1 |     1 ||     2
Armor: Robe              |    34 |    67 |    38 |    14 ||   153
       Skin              |       |       |       |    31 ||    31
Dodge: Dodged            |    23 |    80 |    68 |    55 ||   226
Block: Kite shield       |    23 |    99 |   123 |    78 ||   323

Table legend: (Time is in decaauts)
 A = Elapsed time spent in this place.
 B = Non-inter-level travel time spent in this place.
 C = Inter-level travel time spent in this place.
 D = Time resting spent in this place.
 E = Time spent auto-exploring this place.
 F = Levels seen in this place.
 G = Mean time per level.
                   A        B        C        D        E       F      G
               +--------+--------+--------+--------+--------+-----+--------+
         Total |   7657 |   7344 |    313 |      0 |   5284 |  11 |  696.1 |
       Dungeon |   7021 |   6708 |    313 |      0 |   4971 |  10 |  702.1 |
         Sewer |    635 |    635 |      0 |      0 |    313 |   1 |  635.0 |
               +--------+--------+--------+--------+--------+-----+--------+

Top non-repeatable levels by time:
     D:7: 1048 daAuts
     D:9: 977 daAuts
     D:3: 874 daAuts
     D:6: 811 daAuts
     D:2: 701 daAuts
     D:8: 677 daAuts
   Sewer: 635 daAuts
     D:4: 634 daAuts
     D:5: 521 daAuts
     D:1: 492 daAuts
    D:10: 281 daAuts
